 Dungeon Crawl Stone Soup version 0.28-b1-1-g3c77fb2ed1 (webtiles) character file.

Game seed: 9097853568659338159

33 crazypyro the Sneak (level 3, 0/25 HPs)
             Began as a Gnoll Wanderer on Jan 29, 2022.
             Succumbed to a gnoll's poison
             ... on level 1 of the Dungeon.
             The game lasted 00:04:15 (910 turns).

crazypyro the Sneak (Gnoll Wanderer)                 Turns: 910, Time: 00:04:15

Health: 0/25       AC:  2    Str:  8    XL:     3   Next: 29%
Magic:  7/7        EV: 11    Int: 12    God:
Gold:   14         SH:  0    Dex: 15    Spells: 6/7 levels left

rFire   . . .      SeeInvis .   a - +0 dagger
rCold   . . .      Faith    .   (no shield)
rNeg    . . .      Spirit   .   g - +0 robe
rPois   .          Reflect  .   (no helmet)
rElec   .          Harm     .   (no cloak)
rCorr   .          Rampage  .   (no gloves)
Will    .....                   (no boots)
Stlth   +++.......              i - amulet of magic regeneration
HPRegen 0.08/turn               (no ring)
MPRegen 0.50/turn               (no ring)

@: lethally poisoned (0 -> -9)
A: fangs 1, strong nose, distributed training
a: no special abilities


You were on level 1 of the Dungeon.
You visited 1 branch of the dungeon, and saw 1 of its levels.

You collected 14 gold pieces.

Inventory:

Hand Weapons
 a - a +0 dagger (weapon)
 e - a +0 dagger
Missiles
 b - an atropa-tipped dart
 c - a datura-tipped dart
 d - 7 poisoned darts (quivered)
 f - 46 stones
Armour
 g - a +0 robe (worn)
Jewellery
 i - an amulet of magic regeneration (around neck)
Scrolls
 h - a scroll of teleportation {unknown}
 k - a scroll of silence {unknown}
 m - a scroll of fear {unknown}


   Skills:
 + Level 0.7 Fighting
 + Level 0.7 Short Blades
 + Level 0.7 Long Blades
 + Level 0.7 Axes
 + Level 0.7 Maces & Flails
 + Level 0.7 Polearms
 + Level 0.7 Staves
 + Level 0.7 Slings
 + Level 0.7 Bows
 + Level 0.7 Crossbows
 + Level 4.5 Throwing
 + Level 2.6 Armour
 + Level 0.7 Dodging
 + Level 6.0 Stealth
 + Level 0.7 Shields
 + Level 0.7 Unarmed Combat
 + Level 2.8 Spellcasting
 + Level 0.5 Conjurations
 + Level 0.5 Hexes
 + Level 0.5 Summonings
 + Level 0.5 Necromancy
 + Level 0.5 Translocations
 + Level 0.5 Transmutations
 + Level 0.5 Fire Magic
 + Level 0.5 Ice Magic
 + Level 0.5 Air Magic
 + Level 3.7 Earth Magic
 + Level 0.5 Poison Magic
 + Level 0.9 Invocations
 + Level 2.6 Evocations


You had 6 spell levels left.
You knew the following spells:

 Your Spells              Type           Power      Damage    Failure   Level
a - Sandblast             Erth           20%        2d7       5%          1

Your spell library contained the following spells:

 Spells                   Type           Power      Damage    Failure   Level
 Stone Arrow              Conj/Erth      12%        3d7       30%         3


Dungeon Overview and Level Annotations

Branches:
Dungeon (1/15)

Altars:

Shops:
D:1 [


Innate Abilities, Weirdness & Mutations

You have very sharp teeth.
Your uncanny sense of smell can sniff out nearby items.
Your experience applies equally to all skills.


Message History

You miscast Sandblast.
You are very lightly contaminated with residual magic.
Nothing appears to happen.
You feel very sick. The gnoll misses you.
Casting: Sandblast (safe; 5% risk of failure)
Confirm with . or Enter, or press ? or * to list all spells.
Aiming: Sandblast (safe; 5% risk of failure)
Press: ? - help, Shift-Dir - straight line, f/p - gnoll
Aim: a gnoll, wielding a +0 whip of venom (heavily wounded, 82% to hit)
The blast of sand hits the gnoll.
The gnoll is almost dead.
f - 47 stones You feel sick.
The gnoll hits you with a +0 whip of venom.
You are lethally poisoned!
Casting: Sandblast (safe; 5% risk of failure)
Confirm with . or Enter, or press ? or * to list all spells.
Aiming: Sandblast (safe; 5% risk of failure)
Press: ? - help, Shift-Dir - straight line, f/p - gnoll
Aim: a gnoll, wielding a +0 whip of venom (almost dead, 82% to hit)
The blast of sand hits the gnoll!
You kill the gnoll!
f - 46 stones
* * * LOW HITPOINT WARNING * * *
You feel very sick.
Your Stealth skill increases to level 6!
There is a lethal amount of poison in your body!
* * * LOW HITPOINT WARNING * * *
You feel very sick.
It was a potion of resistance.
You feel protected.
* * * LOW HITPOINT WARNING * * *
You feel sick.
It was a potion of cancellation.
Your magical effects are unravelling.
You feel magically purged.
Your magical contamination has completely faded away.
Your resistance to elements expires.
You die...

#.# #†#
####. #.#
#.# #. #.#
#.# ######.
#.#
#.####......
#.#
#......###..
#.# ##.###.#
#.. #.# #.#
#.###.# #.#
#.# #.....#
#@#
#.#####....
#.#
...........
#)#
#.#####>..#
#.# #.#
##.... #!#
#.# ##..#..
#.# ##.#...†
#(. #.#####.
##. ##.###)#
. ##.#..#


There were no monsters in sight!

Vanquished Creatures
  A gnoll (D:1)
  A dart slug (D:1)
  2 ball pythons (D:1)
  An endoplasm (D:1)
  A giant cockroach (D:1)
  2 goblins (D:1)
  A hobgoblin (D:1)
  3 kobolds (D:1)
  A quokka (D:1)
  3 bats (D:1)
  2 frilled lizards (D:1)
  4 rats (D:1)
22 creatures vanquished.

Notes
Turn   | Place    | Note
-------+----------+-------------------------------------------
     0 | D:1      | crazypyro the Gnoll Wanderer began the quest for the Orb.
     0 | D:1      | crazypyro set off with the following items: a +0 dagger, an
                  | atropa-tipped dart, a datura-tipped dart, 9 poisoned darts,
                  | a +0 dagger, 32 stones, a +0 robe; and the following spell
                  | memorised: Sandblast; and the following spells available to
                  | memorise: Stone Arrow
     0 | D:1      | Reached XP level 1. HP: 13/13 MP: 4/4
    15 | D:1      | Noticed a minotaur skeleton
   484 | D:1      | Reached XP level 2. HP: 19/19 MP: 3/5
   709 | D:1      | Found Heviam's Antique Armour Emporium.
   899 | D:1      | Reached XP level 3. HP: 25/25 MP: 7/7
   908 | D:1      | Reached skill level 6 in Stealth
   910 | D:1      | Succumbed to a gnoll's poison

Illustrated notes

Levels and vault maps discovered:
D:1:      shiori_arrival_whats_in_store_for_you, layout_loops_ring,
          serial_shops, nicolae_shop_hallway_stairs, grunt_decor_one_mirror

Skill      XL: |  1  2  3 |
---------------+----------+-----
Stealth        | 6 |  6.0
Fighting       | |  0.7
Short Blades   | |  0.7
Long Blades    | |  0.7
Axes           | |  0.7
Maces & Flails | |  0.7
Polearms       | |  0.7
Staves         | |  0.7
Slings         | |  0.7
Bows           | |  0.7
Crossbows      | |  0.7
Throwing       | |  4.5
Armour         | |  2.6
Dodging        | |  0.7
Shields        | |  0.7
Unarmed Combat | |  0.7
Spellcasting   | |  2.8
Conjurations   | |  0.5
Hexes          | |  0.5
Summonings     | |  0.5
Necromancy     | |  0.5
Translocations | |  0.5
Transmutations | |  0.5
Fire Magic     | |  0.5
Ice Magic      | |  0.5
Air Magic      | |  0.5
Earth Magic    | |  3.7
Poison Magic   | |  0.5
Invocations    | |  0.9
Evocations     | |  2.6

Action                   || total
-------------------------++-------
Melee: Dagger            ||    10
       Bite              ||     1
Throw: Dart              ||    13
 Cast: Sandblast         ||    23
  Use: Potion            ||     2
Armor: Robe              ||     3
Dodge: Dodged            ||     9
